MWL (24 & UNDER)
MINNESOTA DEATH STARS @ CINCINNATI PRIDE
07/28/2025
 
TOP OF THE 1ST
Minnesota Death Stars batting - Pitching for Cincinnati Pride : RHP José Crus
Pitching: RHP José Crus
Batting: SHB Jason Mason 0-0: Ball
1-0: Called Strike
1-1: Foul Ball, location: 2F
1-2: Strikes out looking
Batting: RHB Gabriel Ángel 0-0: Called Strike
0-1: Foul Ball, location: 2F
0-2: Ball
1-2: Ground out 5-3 (Groundball, 5S)
Batting: RHB Vincent Braun 0-0: Ball
1-0: Called Strike
1-1: Called Strike
1-2: Ball
2-2: Strikes out swinging
Top of the 1st over - 0 run(s), 0 hit(s), 0 error(s), 0 left on base; Minnesota 0 - Cincinnati 0
BOTTOM OF THE 1ST
Cincinnati Pride batting - Pitching for Minnesota Death Stars : RHP Jeremias Pereirinha
Pitching: RHP Jeremias Pereirinha
Batting: LHB Gerardo Guzmán 0-0: Called Strike
0-1: Ball
1-1: Ball
2-1: Foul Ball, location: 2F
2-2: Ball
3-2: Base on Balls
Batting: RHB Michael Skinner 0-0: Ball
1-0: Ball
Throwing error on steal attempt, E2
Gerardo Guzmán to third
2-0: Ball
3-0: Called Strike
3-1: Base on Balls
Batting: RHB Roberto Chávez 0-0: SINGLE (Groundball, 6MD)
Gerardo Guzmán scores
Michael Skinner to second
Runner from 2nd tries for 3rd, SAFE, throw made to third
Roberto Chávez to second
Batting: RHB Randy Simons 0-0: Called Strike
0-1: Ball
1-1: Foul Ball, location: 2F
1-2: Foul Ball, location: 2F
1-2: Strikes out swinging
Batting: RHB Norris Howard 0-0: Ground out 5-3 (Groundball, 56S)
Michael Skinner scores
Roberto Chávez to third
Batting: LHB Marvin Morris 0-0: Ball
1-0: Ball
2-0: Ball
3-0: Base on Balls
Batting: RHB Álex Hernández 0-0: Ball
1-0: Ball
2-0: Ball
3-0: Called Strike
3-1: Base on Balls
Marvin Morris to second
Batting: RHB Wilson Flores 0-0: Called Strike
0-1: Ball
1-1: Swinging Strike
1-2: Strikes out swinging
Bottom of the 1st over - 2 run(s), 1 hit(s), 1 error(s), 3 left on base; Minnesota 0 - Cincinnati 2
TOP OF THE 2ND
Minnesota Death Stars batting - Pitching for Cincinnati Pride : RHP José Crus
Batting: SHB Barrett Bowden 0-0: Called Strike
0-1: Ball
1-1: Called Strike
1-2: Strikes out looking
Batting: LHB Guy Moss 0-0: Ball
1-0: Swinging Strike
1-1: SINGLE (Line Drive, 78S)
Batting: RHB Christian Moss 0-0: Ball
1-0: Ball
2-0: Called Strike
2-1: Ball
3-1: Foul Ball, location: 2F
3-2: Foul Ball, location: 2F
3-2: Strikes out looking
Batting: RHB Sean King 0-0: Swinging Strike
Passed Ball!
Guy Moss to second
0-1: Called Strike
0-2: Strikes out looking
Top of the 2nd over - 0 run(s), 1 hit(s), 0 error(s), 1 left on base; Minnesota 0 - Cincinnati 2
BOTTOM OF THE 2ND
Cincinnati Pride batting - Pitching for Minnesota Death Stars : RHP Jeremias Pereirinha
Batting: RHB Pablo Gómez 0-0: Called Strike
0-1: Ball
1-1: Ball
2-1: Ball
3-1: Base on Balls
Batting: LHB Gerardo Guzmán 0-0: Fly out, F8 (Flyball, 8LM)
Batting: RHB Michael Skinner 0-0: Ball
1-0: Grounds into double play, 6-4-3 (Groundball, 6)
Bottom of the 2nd over - 0 run(s), 0 hit(s), 0 error(s), 0 left on base; Minnesota 0 - Cincinnati 2
TOP OF THE 3RD
Minnesota Death Stars batting - Pitching for Cincinnati Pride : RHP José Crus
Batting: RHB Abraham Hardy 0-0: Called Strike
0-1: Ball
1-1: Ball
2-1: Called Strike
2-2: Strikes out swinging
Batting: RHB Bryan MacGuffie 0-0: Ball
1-0: Foul Ball, location: 2F
1-1: Fly out, F8 (Line Drive, 8RD)
Batting: SHB Jason Mason 0-0: Reached on error, E6 (Groundball, 6M)
Batting: RHB Gabriel Ángel 0-0: Ball
1-0: Ball
2-0: Ball
Jason Mason steals 2nd base
3-0: Called Strike
3-1: Called Strike
3-2: Foul Ball, location: 2F
3-2: Strikes out looking
Top of the 3rd over - 0 run(s), 0 hit(s), 1 error(s), 1 left on base; Minnesota 0 - Cincinnati 2
BOTTOM OF THE 3RD
Cincinnati Pride batting - Pitching for Minnesota Death Stars : RHP Jeremias Pereirinha
Batting: RHB Roberto Chávez 0-0: SINGLE (Groundball, 56D)
Batting: RHB Randy Simons 0-0: Ball
1-0: Ball
2-0: Ball
3-0: Called Strike
3-1: Reached on error, E2 (Groundball, 25)
Roberto Chávez to third
Batting: RHB Norris Howard 0-0: Ball
1-0: Ball
2-0: Called Strike
2-1: Ball
3-1: Foul Ball, location: 2F
3-2: SINGLE (Line Drive, 7LM)
Roberto Chávez scores
Randy Simons to third
Runner from 3rd tries for Home, SAFE, throw made home
Norris Howard to second
Batting: LHB Marvin Morris 0-0: Called Strike
0-1: Swinging Strike
0-2: SINGLE (Groundball, 4MD)
Norris Howard to third
Runner from 3rd tries for Home, SAFE, throw made home
Marvin Morris to second
Batting: RHB Álex Hernández 0-0: Ball
1-0: SINGLE (Groundball, 6MD)
Marvin Morris to third
Batting: RHB Wilson Flores 0-0: Fly out, F6 (Popup, 7LS)
Batting: RHB Pablo Gómez 0-0: Called Strike
0-1: Fly out, F7 (Flyball, 78M)
Runner from 3rd tags up, SCORES, throw made
Batting: LHB Gerardo Guzmán 0-0: Ball
1-0: Ball
2-0: SINGLE (Groundball, 34D)
Álex Hernández to second
Runner from 2nd tries for 3rd, SAFE, throw made to third
Batting: RHB Michael Skinner 0-0: Ball
1-0: Called Strike
1-1: Ball
2-1: Ball
3-1: Base on Balls
Gerardo Guzmán to second
Batting: RHB Roberto Chávez 0-0: Fielders Choice at 2nd, 6-4 (Groundball, 6)
Bottom of the 3rd over - 4 run(s), 5 hit(s), 1 error(s), 2 left on base; Minnesota 0 - Cincinnati 6
TOP OF THE 4TH
Minnesota Death Stars batting - Pitching for Cincinnati Pride : RHP José Crus
Batting: RHB Vincent Braun 0-0: Ground out 2-3 (Groundball, 2L)
Batting: SHB Barrett Bowden 0-0: Called Strike
0-1: Swinging Strike
0-2: Strikes out swinging
Batting: LHB Guy Moss 0-0: Swinging Strike
0-1: Ball
1-1: Ground out U3 (Groundball, 3)
Top of the 4th over - 0 run(s), 0 hit(s), 0 error(s), 0 left on base; Minnesota 0 - Cincinnati 6
BOTTOM OF THE 4TH
Cincinnati Pride batting - Pitching for Minnesota Death Stars : RHP Jeremias Pereirinha
Batting: RHB Randy Simons 0-0: Called Strike
0-1: Ball
1-1: Swinging Strike
1-2: Foul Ball, location: 2F
1-2: Ball
2-2: Strikes out swinging
Batting: RHB Norris Howard 0-0: Ball
1-0: Foul Ball, location: 2F
1-1: Swinging Strike
1-2: Ball
2-2: Strikes out swinging
Batting: LHB Marvin Morris 0-0: Ground out 4-3 (Groundball, 4)
Bottom of the 4th over - 0 run(s), 0 hit(s), 0 error(s), 0 left on base; Minnesota 0 - Cincinnati 6
TOP OF THE 5TH
Minnesota Death Stars batting - Pitching for Cincinnati Pride : RHP José Crus
Batting: RHB Christian Moss 0-0: Called Strike
0-1: Called Strike
0-2: Ball
1-2: Ground out 4-3 (Groundball, 4MS)
Batting: RHB Sean King 0-0: Foul Ball, location: 2F
0-1: Called Strike
0-2: Ball
1-2: Strikes out swinging
Batting: RHB Abraham Hardy 0-0: Ground out 5-3 (Groundball, 5L)
Top of the 5th over - 0 run(s), 0 hit(s), 0 error(s), 0 left on base; Minnesota 0 - Cincinnati 6
BOTTOM OF THE 5TH
Cincinnati Pride batting - Pitching for Minnesota Death Stars : RHP Jeremias Pereirinha
Batting: RHB Álex Hernández 0-0: Ball
1-0: Ground out 6-3 (Groundball, 56)
Batting: RHB Wilson Flores 0-0: Fly out, F3 (Popup, 3SF)
Batting: RHB Pablo Gómez 0-0: Ball
1-0: Called Strike
1-1: Ball
2-1: Foul Ball, location: 2F
2-2: Ball
3-2: Strikes out looking
Bottom of the 5th over - 0 run(s), 0 hit(s), 0 error(s), 0 left on base; Minnesota 0 - Cincinnati 6
TOP OF THE 6TH
Minnesota Death Stars batting - Pitching for Cincinnati Pride : RHP José Crus
Batting: RHB Bryan MacGuffie 0-0: Called Strike
0-1: Swinging Strike
0-2: Ball
1-2: Strikes out swinging
Batting: SHB Jason Mason 0-0: Ball
1-0: Ball
2-0: Ball
3-0: Swinging Strike
3-1: Called Strike
3-2: Strikes out looking
Batting: RHB Gabriel Ángel 0-0: Foul Ball, location: 2F
0-1: Ball
1-1: Foul Ball, location: 2F
1-2: Ball
2-2: Ground out U3 (Groundball, 3S)
Top of the 6th over - 0 run(s), 0 hit(s), 0 error(s), 0 left on base; Minnesota 0 - Cincinnati 6
BOTTOM OF THE 6TH
Cincinnati Pride batting - Pitching for Minnesota Death Stars : RHP Jeremias Pereirinha
Batting: LHB Gerardo Guzmán 0-0: Ball
1-0: Ball
2-0: Ground out 4-3 (Groundball, 4M)
Batting: RHB Michael Skinner 0-0: Ball
1-0: Ball
2-0: Called Strike
2-1: Foul Ball, location: 2F
2-2: Ball
3-2: Base on Balls
Batting: RHB Roberto Chávez 0-0: Swinging Strike
0-1: Swinging Strike
0-2: Foul Ball, location: 2F
0-2: Ball
1-2: Ball
2-2: Foul Ball, location: 2F
2-2: Strikes out swinging
Batting: RHB Randy Simons 0-0: Ball
1-0: Fly out, F6 (Line Drive, 6)
Bottom of the 6th over - 0 run(s), 0 hit(s), 0 error(s), 1 left on base; Minnesota 0 - Cincinnati 6
TOP OF THE 7TH
Minnesota Death Stars batting - Pitching for Cincinnati Pride : RHP José Crus
Batting: RHB Vincent Braun 0-0: Foul Ball, location: 2F
0-1: Ground out 4-3 (Groundball, 4)
Batting: SHB Barrett Bowden 0-0: Ground out 1-3 (Groundball, 15)
Batting: LHB Guy Moss 0-0: Called Strike
0-1: Foul Ball, location: 2F
0-2: Foul Ball, location: 2F
0-2: Foul Ball, location: 2F
0-2: Strikes out swinging
Top of the 7th over - 0 run(s), 0 hit(s), 0 error(s), 0 left on base; Minnesota 0 - Cincinnati 6
BOTTOM OF THE 7TH
Cincinnati Pride batting - Pitching for Minnesota Death Stars : RHP Jeremias Pereirinha
Batting: RHB Norris Howard 0-0: Ball
1-0: Called Strike
1-1: Ground out 5-3 (Groundball, 5L)
Batting: LHB Marvin Morris 0-0: DOUBLE (Flyball, 89D)
Batting: RHB Álex Hernández 0-0: Ball
1-0: Ground out 3-1 (Groundball, 34)
Marvin Morris to third
Pitching: LHP Will Chapman
Batting: RHB Wilson Flores 0-0: Called Strike
0-1: Foul Ball, location: 2F
0-2: Ball
1-2: Ball
2-2: Strikes out swinging
Bottom of the 7th over - 0 run(s), 1 hit(s), 0 error(s), 1 left on base; Minnesota 0 - Cincinnati 6
TOP OF THE 8TH
Minnesota Death Stars batting - Pitching for Cincinnati Pride : RHP José Crus
Pitching: RHP Darrell Stanley
Batting: RHB Christian Moss 0-0: Ball
1-0: Foul Ball, location: 2F
1-1: Ball
2-1: Foul Ball, location: 2F
2-2: Foul Ball, location: 2F
2-2: Ball
3-2: Strikes out swinging
Batting: RHB Sean King 0-0: Called Strike
0-1: Ground out 5-3 (Groundball, 56)
Batting: RHB Abraham Hardy 0-0: Ball
1-0: Called Strike
1-1: Ball
2-1: Called Strike
2-2: Strikes out swinging
Top of the 8th over - 0 run(s), 0 hit(s), 0 error(s), 0 left on base; Minnesota 0 - Cincinnati 6
BOTTOM OF THE 8TH
Cincinnati Pride batting - Pitching for Minnesota Death Stars : LHP Will Chapman
Batting: RHB Pablo Gómez 0-0: Ground out 3-1 (Groundball, 34)
Batting: LHB Gerardo Guzmán 0-0: Ball
1-0: Ball
2-0: Ground out 6-3 (Groundball, 6)
Batting: RHB Michael Skinner 0-0: Swinging Strike
0-1: Called Strike
0-2: Strikes out looking
Bottom of the 8th over - 0 run(s), 0 hit(s), 0 error(s), 0 left on base; Minnesota 0 - Cincinnati 6
TOP OF THE 9TH
Minnesota Death Stars batting - Pitching for Cincinnati Pride : RHP Darrell Stanley
Batting: RHB Bryan MacGuffie 0-0: Ball
1-0: Called Strike
1-1: Swinging Strike
1-2: Ball
2-2: Strikes out swinging
Batting: SHB Jason Mason 0-0: Swinging Strike
0-1: Ball
1-1: Called Strike
1-2: Ball
2-2: Strikes out swinging
Batting: RHB Gabriel Ángel 0-0: Ball
1-0: Called Strike
1-1: Fly out, F9 (Flyball, 9M)
Top of the 9th over - 0 run(s), 0 hit(s), 0 error(s), 0 left on base; Minnesota 0 - Cincinnati 6
This league is powered by Out of the Park Baseball, the baseball management simulation game for PC, Mac and Linux
Tuesday, August 2nd, 2016 - OOTP Baseball 16.8 Build 38